 Dungeon Crawl Stone Soup version 0.30-a0-772-g5528072125 (webtiles) character file.

Game seed: 5698341837910439566

98 zero the Magician (level 4, 0/24 HPs)
             Began as a Gargoyle Earth Elementalist on Feb 12, 2023.
             Slain by an endoplasm (2 damage)
             ... on level 2 of the Dungeon.
             The game lasted 00:02:33 (1584 turns).

zero the Magician (Gargoyle Earth Elementalist)     Turns: 1584, Time: 00:02:34

Health: 0/24       AC: -2    Str: 11    XL:     4   Next: 69%
Magic:  7/10       EV: 11    Int: 18    God:
Gold:   103        SH:  0    Dex: 10    Spells: 7/11 levels left

rFire   . . .      SeeInvis .    c - +0 dagger (speed)
rCold   . . .      Faith    .    (no shield)
rNeg    + . .      Spirit   .    a - +0 robe
rPois   ∞          Reflect  .    (no helmet)
rElec   +          Harm     .    (no cloak)
rCorr   .          Rampage  .    (no gloves)
Will    .....                    (no boots)
Stlth   ++                       (no amulet)
HPRegen 0.24/turn                (no ring)
MPRegen 0.12/turn                (no ring)

@: corroded
A: sickness immunity, AC +3, negative energy resistance 1, electricity
resistance, torment resistance 1, petrification resistance
a: no special abilities


You were on level 2 of the Dungeon.
You visited 1 branch of the dungeon, and saw 2 of its levels.

You collected 103 gold pieces.

Inventory:

Hand Weapons
 c - a +0 dagger of speed (weapon)
Armour
 a - a +0 robe (worn)
Scrolls
 d - a scroll of immolation {unknown}
 f - 2 scrolls of identify {unknown}
 h - a scroll of fear {unknown}
Potions
 b - a potion of magic
 e - a potion of resistance {unknown}
 g - 2 potions of heal wounds {unknown}
 i - a potion of attraction {unknown}
 j - a potion of might {unknown}


   Skills:
 - Level 1.5 Dodging
 - Level 2.1 Stealth
 + Level 4.4 Spellcasting
 - Level 0.7 Transmutations
 - Level 3.6 Earth Magic


You had 7 spell levels left.
You knew the following spells:

 Your Spells              Type           Power      Damage    Failure   Level
a - Sandblast             Erth           34%        2d9       3%          1
b - Stone Arrow           Conj/Erth      20%        3d8       21%         3

Your spell library contained the following spells:

 Spells                   Type           Power      Damage    Failure   Level
 Passwall                 Tmut/Erth      9%         N/A       9%          2
 Petrify                  Tmut/Erth      11%        N/A       50%         4


Dungeon Overview and Level Annotations

Branches:
Dungeon (2/15)

Altars:


Innate Abilities, Weirdness & Mutations

You are immune to sickness and miasma.
Your stone body is resilient. (AC +3)
You are immune to poison.
You resist negative energy. (rN+)
You are resistant to electric shocks. (rElec)
You are resistant to unholy torment.
You are immune to petrification.


Message History

The endoplasm attacks as you move away! The endoplasm barely misses you.
The endoplasm attacks as you move away! The endoplasm barely misses you.
The endoplasm hits the fungus.
The fungus begins to die.
The endoplasm jiggles.
The endoplasm barely misses you.
You hit the jelly but do no damage. The acid corrodes you!
Your hands burn!
Casting: Sandblast (safe; 3% risk of failure)
Confirm with . or Enter, or press ? or * to list all spells.
Aiming: Sandblast (safe; 3% risk of failure)
Press: ? - help, Shift-Dir - straight line, f - endoplasm
Aim: an endoplasm (98% to hit)
The blast of sand hits the endoplasm!
You kill the endoplasm!
A nearby fungus withers and dies.
The endoplasm freezes you.
You are frozen.
The endoplasm hits the fungus.
The fungus begins to die.
The endoplasm hits the fungus.
The jelly barely misses you. The endoplasm freezes you.
You are frozen.
The jelly hits you but does no damage. The endoplasm freezes you.
You are frozen.
* * * LOW HITPOINT WARNING * * *
The endoplasm hits the fungus. x2
Casting: Sandblast (safe; 3% risk of failure)
Confirm with . or Enter, or press ? or * to list all spells.
Aiming: Sandblast (safe; 3% risk of failure)
Press: ? - help, Shift-Dir - straight line, f - endoplasm
Aim: an endoplasm (98% to hit)
The blast of sand hits the endoplasm.
You kill the endoplasm!
The endoplasm freezes you.
You are frozen.
* * * LOW HITPOINT WARNING * * *
The jelly barely misses you.
The endoplasm jiggles.
The endoplasm hits the fungus. x3
You hit the jelly but do no damage. The acid corrodes you!
Your hands burn!
* * * LOW HITPOINT WARNING * * *
A nearby fungus withers and dies.
The endoplasm hits you.
You die...

############
#..##...÷J@##########
#.###....PJJ##......#####
#.# #÷÷..JJ#.#.......##.#
#.# #P...JP#.#........'.##
#.# #......#.#.....)).'..###
#.# #.P....#)#'#......'...).
#.# #....÷.#.#.#.....##.####
#.###.÷P÷.P#.#.#....###.....
#..##$.....##.####### ######


You could see a jelly and 5 endoplasms.

Vanquished Creatures
  Jessica (D:2)
  3 adders (D:2)
  A ball python (D:1)
  4 endoplasms (D:2)
  3 goblins (D:1)
  4 hobgoblins
  3 jackals (D:2)
  6 bats
  A frilled lizard (D:2)
  13 kobolds
  4 rats
43 creatures vanquished.

Vanquished Creatures (others)
  3 fungi (D:2)
  9 toadstools (D:2)
12 creatures vanquished.

Grand Total: 55 creatures vanquished

Notes
Turn   | Place    | Note
-------+----------+-------------------------------------------
     0 | D:1      | zero the Gargoyle Earth Elementalist began the quest for
                  | the Orb.
     0 | D:1      | Reached XP level 1. HP: 10/10 MP: 3/3
   208 | D:1      | Found a faded altar of an unknown god.
   275 | D:1      | Reached XP level 2. HP: 15/15 MP: 5/5
   548 | D:1      | Reached skill level 3 in Spellcasting
   780 | D:2      | Reached XP level 3. HP: 19/19 MP: 4/7
   784 | D:2      | Learned a level 3 spell: Stone Arrow
   817 | D:2      | Noticed Jessica
   820 | D:2      | Killed Jessica
   917 | D:2      | Reached skill level 4 in Spellcasting
   917 | D:2      | Reached XP level 4. HP: 24/24 MP: 8/10
  1584 | D:2      | Slain by an endoplasm

Illustrated notes

Levels and vault maps discovered:
D:1:      elethiomel_arrival_quiet, layout_basic,
          ebering_ecumenical_altar_sacrificial
D:2:      cheibrodos_fertilizer, layout_loops_ring, uniq_jessica,
          uniq_crazy_yiuf_cottage

Skill      XL: |  1  2  3 |
---------------+----------+-----
Spellcasting   | 3 4 |  4.4
Dodging        | |  1.5
Stealth        | |  2.1
Transmutations | |  0.7
Earth Magic    | |  3.6

Action                     |  1- 3 |  4- 6 || total
---------------------------+-------+-------++-------
  Melee: Dagger            |    28 |    34 ||    62
   Cast: Sandblast         |    22 |    25 ||    47
   Stab: Sleeping          |     1 |     1 ||     2
 Armour: Robe              |    16 |    20 ||    36
  Dodge: Dodged            |    39 |    34 ||    73

Table legend: (Time is in decaauts)
 A = Elapsed time spent in this place.
 B = Non-inter-level travel time spent in this place.
 C = Inter-level travel time spent in this place.
 D = Time resting spent in this place.
 E = Time spent auto-exploring this place.
 F = Levels seen in this place.
 G = Mean time per level.
                   A        B        C        D        E       F      G
               +--------+--------+--------+--------+--------+-----+--------+
         Total |   1584 |   1562 |     22 |    204 |   1124 |   2 |  792.0 |
       Dungeon |   1584 |   1562 |     22 |    204 |   1124 |   2 |  792.0 |
               +--------+--------+--------+--------+--------+-----+--------+

Top non-repeatable levels by time:
     D:2: 824 daAuts
     D:1: 759 daAuts
